 Dungeon Crawl Stone Soup version 0.31-a0-214-gb37851dbb3 (webtiles) character file.

Game seed: 14231968683825162668

60 qw the Chopper (level 4, -2/28 HPs)
             Began as a Gargoyle Fighter on July 1, 2023.
             Slain by an iguana (11 damage)
             ... on level 2 of the Dungeon.
             The game lasted 00:00:34 (850 turns).

qw the Chopper (Gargoyle Fighter)                    Turns: 850, Time: 00:00:35

Health: -2/28      AC: 12    Str: 20 (21) XL:     4   Next: 4%
Magic:  4/4        EV:  9    Int:  9      God:
Gold:   89         SH:  4    Dex:  6 (9)  Spells: 3/3 levels left

rFire   . . .        l - +0 war axe of Ashenzari's Whim {heavy, rPois}
rCold   . . .        c - +0 buckler
rNeg    + . .        b - +0 scale mail
rPois   inf          (no helmet)
rElec   +            g - +0 cloak
rCorr   .            i - +0 pair of gloves
SInv    .            (no boots)
Will    .....        e - amulet of regeneration Stlth
                     (no ring)
HPRegen 1.04/turn    (no ring)
MPRegen 0.09/turn

%: no passive effects
@: no status effects
A: sickness immunity, AC +3, negative energy resistance 1, electricity
resistance, torment resistance 1, petrification resistance
a: no special abilities


You were on level 2 of the Dungeon.
You visited 1 branch of the dungeon, and saw 2 of its levels.

You collected 89 gold pieces.


Innate Abilities, Weirdness & Mutations

You are immune to sickness and miasma.
Your stone body is resilient. (AC +3)
You are immune to poison.
You resist negative energy. (rN+)
You are resistant to electric shocks. (rElec)
You are resistant to unholy torment.
You are immune to petrification.


   Skills:
 - Level 3.2 Fighting
 + Level 3.8 Axes
 - Level 3.2 Armour
 - Level 3.2 Shields


You had 3 spell levels left.
You didn't know any spells.
Your spell library was empty.

Inventory:

Hand Weapons
 h - a +0 club
 l - the +0 war axe of Ashenzari's Whim (weapon) {heavy, rPois}
   (You found it on level 2 of the Dungeon)

   rPois:     It protects you from poison.
 Y - a +0 war axe
Armour
 b - a +0 scale mail (worn)
 c - a +0 buckler (worn)
 g - a +0 cloak (worn)
 i - a +0 pair of gloves (worn)
 j - a +0 helmet
Jewellery
 e - an amulet of regeneration (around neck)
Scrolls
 a - a scroll of identify {unknown}
 f - a scroll of immolation {unknown}
 n - a scroll of butterflies {unknown}
 o - 3 scrolls of fog {unknown}
Potions
 d - a potion of might
 k - 2 potions of resistance {unknown}
 m - a potion of mutation {unknown}
 p - a potion of curing {unknown}
 q - a potion of lignification {unknown}
 r - a potion of experience {unknown}

Dungeon Overview and Level Annotations

Branches:
Dungeon (2/15)

Altars:


Message History

Enter note:
Enter note:
Enter note:
There is a stone staircase leading up here.
There is a stone staircase leading up here.
r - a sedimented green potion
Enter note:
Enter note:
Enter note:
k - 2 fizzy ruby potions (gained 1)
You enter the shallow water.
Moving in this stuff is going to be slow.
You enter the shallow water.
Moving in this stuff is going to be slow.
You enter the shallow water.
Moving in this stuff is going to be slow.
You enter the shallow water.
Moving in this stuff is going to be slow.
An iguana comes into view.
The iguana hisses angrily.
Enter note:
Enter note:
Enter note:
Enter note:
Enter note:
Enter note: You barely miss the iguana.
The iguana completely misses you. You block the iguana's attack.
You closely miss the iguana. You block the iguana's attack.
The iguana bites you but does no damage.
You closely miss the iguana. The iguana bites you! The iguana bites you.
You barely miss the iguana.
The iguana bites you but does no damage.
The iguana bites you!
You closely miss the iguana.
The iguana bites you but does no damage.
The iguana bites you!
You die...

##......# #.#
........# ##......#
#......# ##.###.##
...# #.# #### #.#
#####.###
#.#########.l.....#
##........##@#
##...#####.##.#
#..#.# #.##.#
##.##.# #....#
##..##.# ###.####
#..###.###~~~#
#....~~~~~~..#
###~~~~..~..##
#~~~########


You could see an iguana.

Vanquished Creatures
  Robin (D:2)
  An adder (D:2)
  2 ball pythons (D:1)
  4 bats (D:1)
  3 endoplasms
  7 goblins
  8 hobgoblins
  2 jackals (D:1)
  2 kobolds
  A quokka (D:2)
  2 rats
33 creatures vanquished.

Notes
Turn   | Place    | Note
-------+----------+-------------------------------------------
     0 | D:1      | qw the Gargoyle Fighter began the quest for the Orb.
     0 | D:1      | Reached XP level 1. HP: 14/14 MP: 1/1
     0 | D:1      | 0 ||| qw: Version: 0.3-a-32-g5962c71
     0 | D:1      | 0 ||| qw: Game counter: 7468
     0 | D:1      | 0 ||| qw: Melee chars always use a shield: true
     0 | D:1      | 0 ||| qw: God list: Okawaru
     0 | D:1      | 0 ||| qw: Allow faded altars: false
     0 | D:1      | 0 ||| qw: Do Orc after clearing Dungeon:15 true
     0 | D:1      | 0 ||| qw: Do second Lair branch before Depths: true
     0 | D:1      | 0 ||| qw: Lair rune preference: random
     0 | D:1      | 0 ||| qw: Goals: Normal, Zot:1-4, Slime:5, God:TSO, Crypt,
                  | Tomb, Abyss, Pan, Hells, Win
     0 | D:1      | 0 ||| PLANNING D:1-11
    54 | D:1      | 54 ||| Stepping ~*~*~tactically~*~*~ (stealth).
    66 | D:1      | 66 ||| FLEEEEING.
    67 | D:1      | 67 ||| FLEEEEING.
    69 | D:1      | Reached XP level 2. HP: 14/19 MP: 2/2
    91 | D:1      | 91 ||| Stepping ~*~*~tactically~*~*~ (stealth).
   353 | D:1      | Found a faded altar of an unknown god.
   419 | D:1      | 419 ||| UPGRADING to +0 cloak.
   424 | D:1      | 424 ||| UPGRADING to +0 pair of gloves.
   429 | D:1      | 429 ||| UPGRADING to amulet of regeneration.
   434 | D:1      | 434 ||| READING scroll labelled ARATODGHE UZYPS.
   435 | D:1      | 435 ||| DRINKING 2 fuming blue potions.
   436 | D:1      | 436 ||| DROPPING potion of degeneration.
   498 | D:2      | Reached skill level 3 in Axes
   498 | D:2      | Reached XP level 3. HP: 23/23 MP: 3/3
   513 | D:2      | Noticed Robin
   527 | D:2      | Killed Robin
   554 | D:2      | Identified the +0 war axe of Ashenzari's Whim {heavy,
                  | rPois}
   556 | D:2      | 556 ||| SWAPPING to +0 war axe of Ashenzari's Whim {heavy,
                  | rPois}.
   606 | D:2      | Reached XP level 4. HP: 28/28 MP: 4/4
   728 | D:2      | 728 ||| Stepping ~*~*~tactically~*~*~ (stealth).
   849 | D:2      | HP: 7/28 [iguana (10)]
   850 | D:2      | Slain by an iguana

Levels and vault maps discovered:
D:1:      lemuel_arrival_river_ford, layout_rooms,
          ebering_ecumenical_altar_rust, minmay_tromino_v4_b
D:2:      layout_loops_ring, serial_rivers, chequers_serial_rivers_micro_a,
          chequers_serial_rivers_small_a, chequers_serial_rivers_large_b,
          chequers_serial_rivers_room_b, chequers_serial_rivers_small_b,
          uniq_robin, uniq_crazy_yiuf_cottage

Skill      XL: |  1  2 |
---------------+-------+-----
Axes           | 2 3 |  3.8
Fighting       | |  3.2
Armour         | |  3.2
Shields        | |  3.2

Action                     |  1- 3 |  4- 6 || total
---------------------------+-------+-------++-------
  Melee: War axe           |    84 |     9 ||    93
    Use: Scroll            |     1 |       ||     1
         Potion            |     1 |       ||     1
 Armour: Scale mail        |    47 |     5 ||    52
  Dodge: Dodged            |    45 |     2 ||    47
  Block: Buckler           |    11 |     3 ||    14

Table legend:
 A = Non-vault XP
 B = Vault XP
 C = Vault XP percentage of total XP
 D = Non-vault monster count
 E = Vault monster count
 F = Vault count percentage of total count
                 A         B        C        D         E       F
            +---------+---------+-------+---------+---------+-------
      Total |      49 |      37 |  43.0 |      21 |      12 |  36.4
            +---------+---------+-------+---------+---------+-------
        D:1 |      26 |       0 |   0.0 |      14 |       0 |   0.0
        D:2 |      23 |      37 |  61.7 |       7 |      12 |  63.2
            +---------+---------+-------+---------+---------+-------
